 Dungeon Crawl Stone Soup version 0.27-a0-1140-g099f9bb0e8 (webtiles) character file.

Game seed: 12351484849704535022

2982 leviel the Cleaver (level 9, -1/79 HPs)
             Began as a Minotaur Fighter on May 8, 2021.
             Was a Believer of the Shining One.
             Killed from afar by Dowan (20 damage)
             ... with a shard of ice
             ... on level 7 of the Dungeon.
             The game lasted 00:05:58 (7406 turns).

leviel the Cleaver (Minotaur Fighter)               Turns: 7406, Time: 00:05:58

Health: -1/79      AC: 13    Str: 23    XL:     9   Next: 53%
Magic:  11/11      EV:  7    Int:  5    God:    the Shining One [**....]
Gold:   303        SH: 16    Dex: 11    Spells: 8/8 levels left

rFire    . . .     SeeInvis .   a - +0 war axe
rCold    . . .     Faith    .   n - +0 tower shield
rNeg     + . .     Spirit   .   u - +0 plate armour
rPois    .         Reflect  .   (helmet restricted)
rElec    .         Harm     .   (no cloak)
rCorr    .         Rampage  .   (no gloves)
Will     .....                  (no boots)
Stlth    ..........             (no amulet)
HPRegen  0.23/turn              p - +4 ring of slaying
MPRegen  0.12/turn              t - +4 ring of evasion

@: glowing
A: horns 2, retaliatory headbutt
a: Renounce Religion, Divine Shield


You were on level 7 of the Dungeon.
You worshipped the Shining One.
The Shining One was pleased with you.
You visited 1 branch of the dungeon, and saw 7 of its levels.

You collected 303 gold pieces.

Inventory:

Hand Weapons
 a - a +0 war axe (weapon)
Armour
 n - a +0 tower shield (worn)
 u - a +0 plate armour (worn)
Jewellery
 p - a +4 ring of slaying (left hand)
 t - a +4 ring of evasion (right hand)
Wands
 c - a wand of charming (11)
 s - a wand of polymorph (10)
Scrolls
 f - a scroll of enchant weapon {unknown}
 h - 4 scrolls of identify {unknown}
 j - 2 scrolls of amnesia {unknown}
 k - a scroll of holy word {unknown}
 l - 2 scrolls of magic mapping {unknown}
 q - a scroll of fear {unknown}
 v - a scroll of torment {unknown}
Potions
 b - a potion of flight {unknown}
 d - a potion of berserk rage {unknown}
 e - a potion of attraction {unknown}
 g - a potion of lignification {unknown}
 i - 4 potions of curing {unknown}
 m - a potion of magic {unknown}
 o - a potion of cancellation {unknown}
 r - a potion of haste {unknown}
 w - a potion of degeneration {unknown}


   Skills:
 + Level 7.1 Fighting
 * Level 8.7 Axes
 + Level 7.1 Armour
 + Level 7.1 Shields
 + Level 4.7 Invocations
 + Level 4.4 Evocations


You had 8 spell levels left.
You didn't know any spells.
Your spell library was empty.

Dungeon Overview and Level Annotations

Branches:
Dungeon (7/15)             Temple (0/1) D:6

Altars:
Cheibriados
Dithmenos
Uskayaw
Vehumet
Xom
The Shining One

Shops:
D:6 =

Annotations:
D:7 Dowan


Innate Abilities, Weirdness & Mutations

You have a pair of horns on your head.
You reflexively headbutt those who attack you in melee.


Message History

The bullfrog hits you but does no damage.
You feel very sick.
Dowan says, "How can I live without her?"
Dowan casts a spell.
Dowan blinks!
Dowan casts a spell.
Dowan blinks!
You feel very sick. The bullfrog barely misses you. You furiously retaliate!
You headbutt the bullfrog!
You feel very sick.
Dowan breathes, "And she was my only..."
You feel sick.
The bullfrog hits you but does no damage.
You feel sick.
You feel sick.
Dowan mumbles some strange words.
Dowan blinks!
You feel sick.
The bullfrog releases a deep croak.
The bullfrog hits you. You block the bullfrog's attack.
You block Dowan's attack.
You feel sick.
Dowan points at you and mumbles some strange words.
You block the stone arrow.
You feel sick.
Dowan gestures wildly while chanting.
Dowan blinks!
Dowan casts a spell.
Dowan blinks!
You block the bullfrog's attack.
You feel sick.
You feel sick.
You are no longer poisoned.
The bullfrog hits you but does no damage.
The bullfrog hits you.
* * * LOW HITPOINT WARNING * * *
The bullfrog hits you but does no damage.
Dowan gestures at you while chanting. The shard of ice hits you!!
You die...

####.........#
#............#
#..........#
###........#
##...>..##
#.#....#
#.####.# ##
#.## ###
##.###@#
##......##
#......F.###
#......z...##
#....ezz....#
#...........##
##............#
#.............#
#.............#


You could see Dowan (fast), a bullfrog and 3 wights.

Vanquished Creatures
  Pikel (D:5)
  Duvessa (D:7)
  A water moccasin (D:7)
  2 ice beasts (D:6)
  3 sky beasts (D:6)
  2 necrophages
  3 ogres
  2 centaurs (D:6)
  2 lemures
  2 kobold brigands
  A phantom (D:6)
  3 scorpions
  A water moccasin skeleton (D:6)
  2 howler monkeys (D:7)
  A bullfrog zombie (D:6)
  A bullfrog skeleton (D:5)
  2 centaur zombies
  5 hounds
  2 centaur skeletons
  2 orc priests (D:4)
  A jelly (D:6)
  Jessica (D:2)
  3 iguanas (D:5)
  2 orc wizards
  A scorpion zombie (D:5)
  A mummy (D:4)
  3 gnolls (D:4)
  4 adders
  A shadow imp (D:5)
  2 white imps
  An ufetubus (D:5)
  5 worms
  2 dart slugs
  12 orcs
  7 endoplasms
  A giant cockroach (D:3)
  4 goblins
  5 hobgoblins
  8 jackals
  6 quokkas
  6 ball pythons
  A bat (D:1)
  2 frilled lizards
  14 kobolds
  4 rats
136 creatures vanquished.

Vanquished Creatures (others)
  25 plants (D:5)
25 creatures vanquished.

Grand Total: 161 creatures vanquished

Notes
Turn   | Place    | Note
-------+----------+-------------------------------------------
     0 | D:1      | leviel the Minotaur Fighter began the quest for the Orb.
     0 | D:1      | Reached XP level 1. HP: 19/19 MP: 0/0
   246 | D:1      | Reached XP level 2. HP: 23/27 MP: 1/1
   576 | D:1      | Found a faded altar of an unknown god.
  1033 | D:2      | Reached XP level 3. HP: 33/33 MP: 2/2
  1052 | D:2      | Reached skill level 3 in Axes
  1128 | D:2      | Noticed Jessica
  1140 | D:2      | Killed Jessica
  1141 | D:2      | Reached skill level 1 in Invocations
  1141 | D:2      | Reached skill level 1 in Evocations
  1141 | D:2      | Reached XP level 4. HP: 29/40 MP: 3/3
  1398 | D:2      | Found a glowing golden altar of the Shining One.
  1445 | D:2      | Became a worshipper of the Shining One
  2018 | D:3      | Found a hide-covered altar of Uskayaw.
  2062 | D:3      | Reached XP level 5. HP: 39/46 MP: 5/5
  2856 | D:4      | Reached skill level 4 in Axes
  3343 | D:4      | Reached XP level 6. HP: 31/53 MP: 6/6
  3557 | D:4      | Found a radiant altar of Vehumet.
  3665 | D:4      | Found a snail-covered altar of Cheibriados.
  3734 | D:4      | Reached * piety under the Shining One
  4215 | D:5      | Entered Level 5 of the Dungeon
  4227 | D:5      | Noticed Pikel
  4380 | D:5      | Killed Pikel
  4381 | D:5      | Reached skill level 5 in Fighting
  4381 | D:5      | Reached skill level 5 in Axes
  4381 | D:5      | Reached skill level 5 in Armour
  4381 | D:5      | Reached skill level 5 in Shields
  4381 | D:5      | Reached XP level 7. HP: 8/61 MP: 6/8
  4847 | D:5      | Reached skill level 6 in Axes
  5005 | D:5      | Reached XP level 8. HP: 18/69 MP: 9/9
  5555 | D:5      | Identified the +2 rapier "Qabeteet" {pain, rElec rCorr}
  5655 | D:5      | Found a shimmering altar of Xom.
  6032 | D:6      | Found Wudutaps's Jewellery Emporium.
  6038 | D:6      | Reached skill level 7 in Axes
  6351 | D:6      | Found a shadowy altar of Dithmenos.
  6382 | D:6      | Found a staircase to the Ecumenical Temple.
  6441 | D:6      | Reached XP level 9. HP: 78/78 MP: 11/11
  6736 | D:6      | Reached skill level 8 in Axes
  6839 | D:6      | Reached ** piety under the Shining One
  7382 | D:7      | Noticed Duvessa
  7383 | D:7      | Noticed Dowan
  7388 | D:7      | Killed Duvessa
  7406 | D:7      | Killed from afar by Dowan

Illustrated notes

Levels and vault maps discovered:
D:1:      zaba_arrival_water, layout_basic,
          hellmonk_ecumenical_altar_inner_sanctum
D:2:      layout_basic, basic_altar, uniq_jessica
D:3:      layout_basic, marbit_many_paths
D:4:      layout_loops_ring, slow_altar_1, overflow_temple_1_default
D:5:      layout_gridville, kennysheep_mini, serial_bayou, serial_bayou_pond_b,
          serial_bayou_pond_c, serial_bayou_crossing, serial_bayou_lake_a,
          uniq_pikel
D:6:      layout_basic, nicolae_dithmenos_through_a_glass_darkly,
          temple_doors_e, serial_shops, shop_statue,
          chequers_serial_rivers_micro_d, minivault_14,
          kennysheep_generic_room_10
D:7:      layout_cave_pods, dk_noncrumbling_2, minmay_crystal_room,
          minmay_fire_ice_demons, uniq_duvessa

Skill      XL: |  1  2  3  4  5  6  7  8  9 |
---------------+----------------------------+-----
Shields        | 4 5 6 7 |  7.1
Axes           | 3 4 5 6 7 8 |  8.7
Fighting       | 4 5 6 7 |  7.1
Armour         | 4 5 6 7 |  7.1
Invocations    | 1 2 3 4 |  4.7
Evocations     | 1 2 3 4 |  4.4

Action                   |  1- 3 |  4- 6 |  7- 9 || total
-------------------------+-------+-------+-------++-------
Melee: War axe           |    55 |   134 |   134 ||   323
       Headbutt          |     4 |    18 |    25 ||    47
  Use: Potion            |       |     1 |       ||     1
Armor: Scale mail        |    23 |    43 |    30 ||    96
       Plate armour      |       |       |    31 ||    31
Dodge: Dodged            |    10 |    30 |    36 ||    76
Block: Kite shield       |    28 |     9 |       ||    37
       Tower shield      |       |   110 |   121 ||   231

Table legend: (Time is in decaauts)
 A = Elapsed time spent in this place.
 B = Non-inter-level travel time spent in this place.
 C = Inter-level travel time spent in this place.
 D = Time resting spent in this place.
 E = Time spent auto-exploring this place.
 F = Levels seen in this place.
 G = Mean time per level.
                   A        B        C        D        E       F      G
               +--------+--------+--------+--------+--------+-----+--------+
         Total |   7644 |   7447 |    197 |   1860 |   4684 |   7 | 1092.0 |
       Dungeon |   7644 |   7447 |    197 |   1860 |   4684 |   7 | 1092.0 |
               +--------+--------+--------+--------+--------+-----+--------+

Top non-repeatable levels by time:
     D:5: 1747 daAuts
     D:4: 1695 daAuts
     D:3: 1070 daAuts
     D:6: 1048 daAuts
     D:1: 920 daAuts
     D:2: 797 daAuts
     D:7: 365 daAuts
